 Dungeon Crawl Stone Soup version 0.22.0-49-gab54619 (webtiles) character file.

3392 Azzok the Arsonist (level 10, -3/86 HPs)
             Began as a Hill Orc Fire Elementalist on Sept 3, 2018.
             Was a Believer of Vehumet.
             Slain by a black bear (4 damage)
             ... while paralysed by a hornet
             ... on level 11 of the Dungeon.
             The game lasted 00:17:16 (8934 turns).

Azzok the Arsonist (Hill Orc Fire Elementalist)     Turns: 8934, Time: 00:17:17

Health: -3/86      AC:  5    Str: 12    XL:     10   Next: 4%
Magic:  13/18      EV:  2    Int: 18    God:    Vehumet [**....]
Gold:   427        SH:  0    Dex: 11    Spells: 12/20 levels left

rFire    . . .     SeeInvis .   t - +1 dagger (elec)
rCold    . . .     Gourm    .   (no shield)
rNeg     + . .     Faith    .   a - +1 robe
rPois    .         Spirit   .   (no helmet)
rElec    .         Reflect  .   A - +0 cloak {MR+}
rCorr    .         Harm     .   v - +0 pair of gloves
MR       +....                  (no boots)
Stlth    ++........             (no amulet)
HPRegen  0.24/turn              e - ring of positive energy
MPRegen  0.16/turn              E - +5 ring of slaying

@: paralysed, lethally poisoned (-3 -> -24), about to teleport, slowed
A: no striking features
a: Renounce Religion


You were on level 11 of the Dungeon.
You worshipped Vehumet.
Vehumet was pleased with you.
You were hungry.

You visited 2 branches of the dungeon, and saw 11 of its levels.

You collected 427 gold pieces.

Inventory:

Hand Weapons
 t - a +1 dagger of electrocution (weapon)
Armour
 a - a +1 robe (worn)
 v - a +0 pair of gloves (worn)
 A - a +0 cloak of magic resistance (worn)
Jewellery
 e - a ring of positive energy (left hand)
 E - a +5 ring of slaying (right hand)
Wands
 n - a wand of acid (11)
 z - a wand of polymorph (15)
 C - a wand of flame (22)
 F - a wand of clouds (7)
 H - a wand of digging (30)
 J - a wand of scattershot (4)
 K - a wand of random effects (11)
Scrolls
 f - 3 scrolls of identify
 k - 2 scrolls of enchant armour
 l - a scroll of enchant weapon {unknown}
 o - a scroll of immolation {unknown}
 p - 4 scrolls of magic mapping
 w - a scroll of amnesia
 x - 2 scrolls of blinking {unknown}
 D - a scroll of summoning {unknown}
 G - a scroll of remove curse {unknown}
Potions
 b - a potion of ambrosia
 d - 2 potions of might
 g - 2 potions of curing
 h - a potion of flight
 i - a potion of heal wounds
 m - 2 potions of invisibility
 q - a potion of cancellation
 s - 2 potions of agility {unknown}
 B - 2 potions of brilliance {unknown}
 I - a potion of lignification {unknown}
 L - a potion of berserk rage {unknown}
Comestibles
 c - 14 rations
 r - a chunk of flesh


   Skills:
 + Level 7.5 Fighting
 - Level 1.5 Dodging
 - Level 1.5 Stealth
 + Level 5.5 Spellcasting
 + Level 7.2 Conjurations
 + Level 8.6 Fire Magic


You had 12 spell levels left.
You knew the following spells:

 Your Spells              Type           Power        Failure   Level  Hunger
a - Flame Tongue          Conj/Fire      ####.        1%          1    None
b - Conjure Flame         Conj/Fire      ####....     1%          3    ##.....
c - Sticky Flame          Conj/Fire      ####....     4%          4    ####...

Your spell library contained the following spells:

 Spells                   Type           Power        Failure   Level  Hunger
 Searing Ray              Conj           ####..       1%          2    #......
 Throw Flame              Conj/Fire      ####..       1%          2    #......
 Sting                    Conj/Pois      ###.         2%          1    None
 Inner Flame              Hex/Fire       ###.....     6%          3    ##.....
 Mephitic Cloud           Conj/Pois/Air  ##......     14%         3    ##.....
 Fireball                 Conj/Fire      ####......   14%         5    ######.
 Poisonous Vapours        Pois/Air       #.....       19%         2    #......
 Venom Bolt               Conj/Pois      ###.......   61%         5    ######.
 Olgreb's Toxic Radiance  Pois           #.......     77%         4    ####...


Dungeon Overview and Level Annotations

Branches:
Dungeon (11/15)            Temple (1/1) D:4
   Lair: D:8-11         Orc: D:9-12

Altars:
Cheibriados
Elyvilon
Fedhas
Gozag
Hepliaklqana
Okawaru
Sif Muna
Trog
Vehumet
Wu Jian
Xom
Yredelemnul
Zin
The Shining One

Shops:
D:4 *


Message History

* * * LOW HITPOINT WARNING * * *
You are lethally poisoned!
You feel as though you will be slow longer.
A wight comes into view. It is wielding a flail.
The hornet barely misses you. The black bear barely misses you.
The black bear misses you. x2
Okay, then.
As you read the scroll of teleportation, it crumbles to dust.
You feel strangely unstable.
* * * LOW HITPOINT WARNING * * *
You feel very sick.
The hornet burns! x2; The hornet stings you!
* * * LOW HITPOINT WARNING * * *
You suddenly lose the ability to move!
A wight comes into view. It is wielding a hand axe.
The hornet stings you!
* * * LOW HITPOINT WARNING * * *
You feel as though you will be slow longer.
The black bear bites you.
You die...

▒··· · ·▒▒···▒▒·
··▒·····▒▒
·········▒▒ ▒
·····▒···· ·▒▒
······▒··▒▒···▒▒
·······y·······▒
·······h@·····▒
··········▒·····
····l·▒▒·▒·▒ ·▒·
·(···▒ ·▒····
····▒ · ······
···> ▒· ·······
··· ·▒ ·······
·· · ······z
····


You could see a hornet (burning), a black bear, a wyvern and a wight.

Vanquished Creatures
  Eustachio (D:5)
  A hungry ghost (D:6)
  Edmund (D:4)
  A water moccasin (D:6)
  2 black bears
  Duvessa (D:4)
  An orc warrior (D:7)
  A sky beast (D:5)
  2 phantoms
  A centaur (D:7)
  2 ogres
  2 crocodiles
  Blork the orc (D:5)
  4 bullfrogs
  A scorpion (D:7)
  Dowan (D:4)
  3 killer bees (D:7)
  5 wights (D:8)
  4 howler monkeys
  A crimson imp (D:7)
  A bullfrog zombie (D:11)
  4 hounds
  Crazy Yiuf (D:5)
  A jelly (D:7)
  A centaur skeleton (D:7)
  3 orc priests
  4 orc wizards
  Jessica (D:3)
  An iguana (D:6)
  7 worker ants
  A howler monkey zombie (D:6)
  4 gnolls (D:5)
  8 adders
  3 shadow imps
  4 worms
  6 leopard geckos
  23 orcs
  2 ball pythons
  7 giant cockroaches
  8 goblins
  5 hobgoblins
  7 kobolds
  4 quokkas
  5 bats
  6 frilled lizards
  A jackal zombie (D:7)
  5 rats
159 creatures vanquished.

Notes
Turn   | Place    | Note
-------+----------+-------------------------------------------
     0 | D:1      | Azzok the Hill Orc Fire Elementalist began the quest for
                  | the Orb.
     0 | D:1      | Reached XP level 1. HP: 14/14 MP: 3/3
   172 | D:1      | Reached XP level 2. HP: 16/20 MP: 1/4
   913 | D:1      | Reached XP level 3. HP: 26/26 MP: 1/5
  1074 | D:1      | Reached skill level 4 in Fire Magic
  1409 | D:2      | Noticed an orc warrior
  1513 | D:2      | Learned a level 3 spell: Conjure Flame
  1735 | D:2      | Reached XP level 4. HP: 33/33 MP: 3/6
  2427 | D:3      | Reached XP level 5. HP: 34/38 MP: 0/8
  2510 | D:3      | Found a snail-covered altar of Cheibriados.
  2815 | D:3      | Found a faded altar of an unknown god.
  2925 | D:3      | Noticed Jessica
  2928 | D:3      | Killed Jessica
  3207 | D:3      | Found a bloodstained altar of Trog.
  3347 | D:4      | Noticed Dowan
  3349 | D:4      | Noticed Duvessa
  3383 | D:4      | Killed Dowan
  3394 | D:4      | Reached skill level 1 in Fighting
  3394 | D:4      | Reached skill level 5 in Fire Magic
  3394 | D:4      | Reached XP level 6. HP: 25/47 MP: 0/10
  3783 | D:4      | Found Jigrimp's General Store.
  3826 | D:4      | Noticed a phantom
  3837 | D:4      | Killed a phantom
  4098 | D:4      | Found a staircase to the Ecumenical Temple.
  4166 | Temple   | Entered the Ecumenical Temple
  4198 | Temple   | Became a worshipper of Vehumet
  4281 | D:4      | Killed Duvessa
  4281 | D:4      | Reached XP level 7. HP: 8/56 MP: 2/11
  4574 | D:4      | Noticed Edmund
  4647 | D:4      | Killed Edmund
  4801 | D:4      | Learned a level 4 spell: Sticky Flame
  4809 | D:5      | Entered Level 5 of the Dungeon
  5198 | D:5      | Reached skill level 6 in Fire Magic
  5262 | D:5      | Found a runed door.
  5266 | D:5      | Noticed Crazy Yiuf
  5270 | D:5      | Killed Crazy Yiuf
  5290 | D:5      | Reached XP level 8. HP: 65/66 MP: 2/13
  5290 | D:5      | Noticed Eustachio
  5306 | D:5      | Killed Eustachio
  5306 | D:5      | Reached skill level 5 in Conjurations
  5518 | D:5      | Found a basalt altar of Yredelemnul.
  5529 | D:5      | Found a deep blue altar of Sif Muna.
  5599 | D:5      | Found a white marble altar of Elyvilon.
  5702 | D:6      | Noticed Blork the orc
  5784 | D:5      | Killed Blork the orc
  6067 | D:5      | Reached skill level 5 in Fighting
  6171 | D:6      | Reached skill level 7 in Fire Magic
  6417 | D:6      | Found a shimmering altar of Xom.
  6499 | D:6      | Found a blossoming altar of Fedhas.
  6847 | D:6      | Reached XP level 9. HP: 63/74 MP: 4/15
  7207 | D:7      | Reached * piety under Vehumet
  7207 | D:7      | Offered knowledge of Sandblast by Vehumet.
  7465 | D:7      | Found an opulent altar of Gozag.
  7890 | D:7      | Reached skill level 5 in Spellcasting
  7981 | D:7      | Reached skill level 8 in Fire Magic
  8515 | D:8      | Reached ** piety under Vehumet
  8744 | D:8      | Offered knowledge of Searing Ray by Vehumet.
  8760 | D:8      | You fall through a shaft for 2 floors!
  8760 | D:10     | Entered Level 10 of the Dungeon
  8793 | D:10     | Noticed a gargoyle
  8794 | D:10     | Reached XP level 10. HP: 67/86 MP: 2/18
  8912 | D:11     | Noticed a cyclops
  8932 | D:11     | Paralysed by a hornet for 1 turns
  8934 | D:11     | Paralysed by a hornet for 3 turns
  8934 | D:11     | HP: 1/86 [hornet (8)]
  8934 | D:11     | Slain by a black bear

Skill      XL: |  1  2  3  4  5  6  7  8  9 |
---------------+----------------------------+-----
Conjurations   | 2 3 4 5 7 |  7.2
Fire Magic     | 4 5 6 7 8 |  8.6
Spellcasting   | 2 3 4 5 |  5.5
Fighting       | 1 2 4 5 7 |  7.5
Dodging        | |  1.5
Stealth        | |  1.5

Action                   |  1- 3 |  4- 6 |  7- 9 | 10-12 || total
-------------------------+-------+-------+-------+-------++-------
Melee: Short sword       |    16 |       |       |       ||    16
       Unarmed           |     8 |       |       |       ||     8
       Morningstar       |       |     6 |       |       ||     6
       Dagger            |       |    15 |    97 |    10 ||   122
 Cast: Flame Tongue      |    60 |    94 |   224 |     5 ||   383
       Conjure Flame     |       |     1 |     7 |       ||     8
       Sticky Flame      |       |       |    11 |     2 ||    13
  Use: Scroll            |       |    11 |     4 |     3 ||    18
  Eat: Chunk             |     4 |     8 |    12 |       ||    24
       Ration            |       |       |     2 |       ||     2
Armor: Robe              |     9 |     6 |    49 |     5 ||    69
Dodge: Dodged            |    54 |    52 |   123 |    19 ||   248
